 Dungeon Crawl Stone Soup version 0.16.1-11-g651b585 (webtiles) character file.

611 jacksonaction the Bolt Thrower (level 7, 1/52 HPs)
             Began as a Human Wanderer on Apr 4, 2015.
             Quit the game on level 4 of the Dungeon.
             The game lasted 00:25:37 (4060 turns).

jacksonaction the Bolt Thrower (Human Wanderer)     Turns: 4060, Time: 00:25:37

Health: 1/52       AC: 10    Str: 14    XL:     7   Next: 72%
Magic:  0/7        EV: 10    Int: 10    God:
Gold:   132        SH:  0    Dex: 19    Spells: 0 memorised, 6 levels left

rFire  + . .     SeeInvis .     c - +0 hand crossbow
rCold  . . .     Clarity  .     O - +3 ring mail {rF+}
rNeg   . . .     SustAb   .     (no shield)
rPois  .         Gourm    .     u - +2 hat
rElec  .         Spirit   +     (no cloak)
rCorr  .         Warding  .     (no gloves)
rMut   .         Stasis   .     (no boots)
MR     .....                    q - amulet of guardian spirit
Stlth  ++........               F - +4 ring of dexterity
                                i - ring of stealth

@: not resistant to hostile enchantments, unstealthy
A: no striking features
a: no special abilities


You were on level 4 of the Dungeon.
You were not hungry.

You visited 1 branch of the dungeon, and saw 4 of its levels.

You collected 132 gold pieces.

Inventory:

Hand weapons
 c - a +0 hand crossbow (weapon)
 m - a cursed -2 dagger
 x - a +4 club
 B - a +0 dagger of venom
 M - a +1 dire flail of holy wrath
Missiles
 d - 4 bolts (quivered)
Armour
 u - a +2 hat (worn)
 O - a +3 ring mail of fire resistance (worn)
Jewellery
 i - a ring of stealth (left hand)
 q - an amulet of guardian spirit (around neck)
 C - an uncursed ring of see invisible
 F - a +4 ring of dexterity (right hand)
Magical devices
 I - a wand of fireball (4)
 K - a wand of random effects (43)
Scrolls
 g - 2 scrolls of immolation {unknown}
 h - 4 scrolls of identify {unknown}
 j - a scroll of fear {unknown}
 k - 4 scrolls of teleportation {unknown}
 n - 5 scrolls of remove curse {unknown}
 o - a scroll of noise {unknown}
 w - a scroll of random uselessness {unknown}
 y - a scroll of recharging {unknown}
 H - a scroll of blinking {unknown}
Potions
 b - a potion of curing
 e - a potion of brilliance {unknown}
 l - a potion of beneficial mutation {unknown}
 t - 2 potions of cure mutation {unknown}
 v - a potion of ambrosia {unknown}
 z - a potion of magic {unknown}
 D - a potion of haste {unknown}
 E - a potion of heal wounds {unknown}
 G - a potion of berserk rage {unknown}
 J - a potion of flight {unknown}
 L - a potion of mutation {unknown}
Comestibles
 a - 4 chunks of flesh
 f - 4 bread rations
 p - a beef jerky
 r - 2 slices of pizza
 s - a meat ration
 A - 5 fruits


   Skills:
 - Level 3.0 Fighting
 - Level 3.2 Maces & Flails
   Level 1.0 Bows
 + Level 7.0 Crossbows
 - Level 2.0 Throwing
 - Level 3.0 Armour


You had 6 spell levels left.
You didn't know any spells.

Dungeon Overview and Level Annotations

Branches:
Dungeon (4/15)
 Temple: D:4-7

Altars:
Fedhas
Nemelex Xobeh
Yredelemnul
The Shining One

Annotations:
D:4 Rohain's ghost, average HOFi


Message History

Rohain's ghost hits you but does no damage.
Firing (i - inventory):
d - 7 bolts (quivered)
Press: ? - help, Shift-Dir - straight line, f/p - Rohain's ghost
Aim: Rohain's ghost (heavily damaged)
You shoot a bolt. The bolt closely misses Rohain's ghost.
Rohain's ghost closely misses you.
Firing (i - inventory):
d - 6 bolts (quivered)
Press: ? - help, Shift-Dir - straight line, f/p - Rohain's ghost
Aim: Rohain's ghost (heavily damaged)
You shoot a bolt. The bolt barely misses Rohain's ghost.
Rohain's ghost hits you.
Firing (i - inventory):
d - 5 bolts (quivered)
Press: ? - help, Shift-Dir - straight line, f/p - Rohain's ghost
Aim: Rohain's ghost (heavily damaged)
You shoot a bolt. The bolt closely misses Rohain's ghost.
Rohain's ghost hits you!
* * * LOW HITPOINT WARNING * * *
Rohain's ghost hits you.
* * * LOW HITPOINT WARNING * * *
Are you sure you want to abandon this character and quit the game? (Confirm with "yes".)

#.....#........##...
#.(...#........##.##
#.....#........##.##
#.....#........##...
#.....#........#####
#.....#........###..
##############.....#........#<#.#
...................#........#....
(......(....[.(W@...........)....
#........#########.#........#....
#..#####.# #..........#...# ...#
#.# ##.####.##.....# ..## ...
#..# #.##.##..# ..# .... ##.#
#.##...... ... ...... #.#
#.######.# #.. ...... #.###.#
#... .#. ### #..##.#####.#.


You could see Rohain's ghost.

Vanquished Creatures
  Grinder (D:4)
  Edmund (D:3)
  Duvessa (D:4)
  Dowan (D:4)
  A worker ant (D:3)
  Ijyb (D:4)
  Jessica (D:2)
  4 adders
  3 worms (D:2)
  An adder skeleton (D:4)
  2 giant geckos (D:1)
  7 orcs
  2 ball pythons
  4 giant cockroaches
  5 goblins
  7 hobgoblins
  A quokka (D:2)
  9 bats
  2 giant newts
  10 kobolds
  8 rats
72 creatures vanquished.

Notes
Turn   | Place    | Note
--------------------------------------------------------------
     0 | D:1      | jacksonaction, the Human Wanderer, began the quest for the Orb.
     0 | D:1      | jacksonaction set off with: a +2 scale mail, a potion of curing, a +0 hand crossbow, 27 bolts, a bread ration
     0 | D:1      | Reached XP level 1. HP: 18/18 MP: 1/1
   142 | D:1      | Reached XP level 2. HP: 24/24 MP: 2/2
   545 | D:1      | Reached XP level 3. HP: 29/29 MP: 3/3
   804 | D:2      | Noticed Jessica
   814 | D:2      | Killed Jessica
   814 | D:2      | Reached XP level 4. HP: 35/35 MP: 4/4
   977 | D:2      | Reached skill level 4 in Crossbows
  1450 | D:2      | Found a glowing golden altar of the Shining One.
  1478 | D:2      | Reached XP level 5. HP: 31/41 MP: 5/5
  1717 | D:2      | Found a blossoming altar of Fedhas.
  2207 | D:3      | Found a sparkling altar of Nemelex Xobeh.
  2311 | D:3      | Found a basalt altar of Yredelemnul.
  2410 | D:4      | Noticed Grinder
  2428 | D:4      | Noticed Edmund
  2763 | D:4      | Reached skill level 1 in Maces & Flails
  2801 | D:4      | Noticed Duvessa
  2803 | D:4      | Noticed Dowan
  2847 | D:4      | Killed Duvessa
  2847 | D:4      | Reached XP level 6. HP: 19/47 MP: 4/6
  3191 | D:4      | Killed Dowan
  3335 | D:4      | Killed Grinder
  3335 | D:4      | Reached skill level 6 in Crossbows
  3335 | D:4      | Reached XP level 7. HP: 36/52 MP: 3/7
  3679 | D:3      | Killed Edmund
  3879 | D:4      | Noticed Ijyb
  3898 | D:4      | Killed Ijyb
  3969 | D:4      | Noticed Rohain's ghost (average HOFi)
  3983 | D:4      | Reached skill level 7 in Crossbows
  4059 | D:4      | HP: 1/52 [Rohain's ghost (4)]
  4060 | D:4      | Quit the game

Action                   |  1- 3 |  4- 6 |  7- 9 || total
-------------------------+-------+-------+-------++-------
Melee: Club              |       |    63 |    24 ||    87
       Dire flail        |       |       |    16 ||    16
 Fire: Hand crossbow     |    70 |   106 |    41 ||   217
  Eat: Chunk             |       |     7 |     3 ||    10
